 Dungeon Crawl Stone Soup version 0.28.0-53-g5a82cb258f (webtiles) character file.

Game seed: 2411890296223603437

85433 LustLizard the Severer (level 15, -15/149 HPs)
             Began as a Minotaur Berserker on June 29, 2022.
             Was a High Priest of Trog.
             Killed by divine providence
             ... invoked by a meliai
              (17 damage)
             ... on level 1 of the Spider Nest.
             The game lasted 01:09:15 (30517 turns).

LustLizard the Severer (Minotaur Berserker)        Turns: 30517, Time: 01:09:17

Health: -15/149    AC: 25    Str: 25 (29) XL:     15   Next: 38%
Magic:  5/14       EV:  8    Int:  2 (4)  God:    Trog [*****.]
Gold:   1534       SH:  0    Dex:  6 (7)  Spells: 14/14 levels left

rFire   + + .      SeeInvis .   f - +11 battleaxe of Infinity {flame, rF+ rCorr Dex-3 Stlth+}
rCold   + . .      Faith    .   (shield currently unavailable)
rNeg    + + .      Spirit   .   K - +3 plate armour
rPois   +          Reflect  .   O - +2 hat
rElec   +          Harm     .   Y - scarf {rC+ rF+}
rCorr   +          Rampage  .   t - +1 pair of gloves
Will    +....                   J - +1 pair of boots
Stlth   ..........              u - amulet of the Omega Point {rPois rN+ Regen+ Int-2}
HPRegen 1.14/turn               g - +6 ring of strength
MPRegen 0.14/turn               W - ring of Ustion {rElec rPois rN+ Str-4}

@: on berserk cooldown, slowed, studying Fighting, very slow
A: horns 2, retaliatory headbutt
a: Renounce Religion, Berserk, Trog's Hand, Brothers in Arms


You were on level 1 of the Spider Nest.
You worshipped Trog.
Trog was extremely pleased with you.
You visited 5 branches of the dungeon, and saw 22 of its levels.

You collected 2521 gold pieces.
You spent 987 gold pieces at shops.

Inventory:

Hand Weapons
 f - the +11 battleaxe of Infinity (weapon) {flame, rF+ rCorr Dex-3 Stlth+}
   (Trog gifted it to you on level 3 of the Lair of Beasts)

   It burns those it strikes, dealing additional fire damage.
   Big, fiery blades are also staple armaments of hydra-hunters.
   Dex:       It affects your dexterity (-3).
   rF:        It protects you from fire.
   rCorr:     It protects you from acid and corrosion.
   Stlth:     It makes you more stealthy.
Missiles
 i - 41 poisoned darts
 j - 321 stones (quivered)
 r - 6 atropa-tipped darts
 A - 15 boomerangs
 E - a throwing net
Armour
 t - a +1 pair of gloves (worn)
 J - a +1 pair of boots (worn)
 K - a +3 plate armour (worn)
 O - a +2 hat (worn)
 Y - a scarf of resistance (worn)
Jewellery
 g - a +6 ring of strength (left hand)
 u - the amulet of the Omega Point (around neck) {rPois rN+ Regen+ Int-2}
   (You found it on level 6 of the Lair of Beasts)

   [amulet of regeneration]

   Int:       It affects your intelligence (-2).
   rPois:     It protects you from poison.
   rN:        It protects you from negative energy.
   Regen:     It increases your rate of health regeneration.
 C - an amulet of the acrobat
 W - the ring of Ustion (right hand) {rElec rPois rN+ Str-4}
   (You bought it in a shop on level 2 of the Orcish Mines)

   [ring of poison resistance]

   Str:       It affects your strength (-4).
   rElec:     It insulates you from electricity.
   rPois:     It protects you from poison.
   rN:        It protects you from negative energy.
Wands
 l - a wand of digging (2)
 m - a wand of acid (13)
 D - a wand of polymorph (14)
 H - a wand of iceblast (15)
 M - a wand of flame (28)
 T - a wand of paralysis (12)
 V - a wand of charming (3)
Scrolls
 c - 10 scrolls of teleportation
 h - 4 scrolls of holy word
 k - 6 scrolls of fear
 o - a scroll of silence
 q - a scroll of identify
 x - 4 scrolls of enchant weapon
 z - a scroll of blinking
 F - 4 scrolls of immolation
 G - 2 scrolls of magic mapping
 Z - a scroll of brand weapon
Potions
 a - 2 potions of cancellation
 b - a potion of resistance
 d - 4 potions of heal wounds
 e - 3 potions of mutation
 B - a potion of might
 Q - 5 potions of curing
 U - a potion of haste
 X - a potion of flight
Miscellaneous
 w - a tin of tremorstones (2/2)


   Skills:
 + Level 18.1 Fighting
 * Level 18.9 Axes
 + Level 12.5 Throwing
 + Level 11.1 Armour
 + Level 4.6 Dodging
 - Level 2.6 Shields
 + Level 10.3 Evocations


You had 14 spell levels left.
You didn't know any spells.
Your spell library was empty.

Dungeon Overview and Level Annotations

Branches:
Dungeon (12/15)            Temple (0/1) D:4            Lair (6/6) D:8
 Shoals (0/4) Lair:3       Spider (1/4) Lair:3        Slime (0/5) Lair:5
    Orc (2/2) D:12            Elf (0/3) Orc:2          Hell (visited)
    Dis: Hell:1         Geh: Hell:1         Coc: Hell:1         Tar: Hell:1

Altars:
Hepliaklqana
Makhleb
Zin
Beogh
Jiyva

Shops:
D:10 (   Orc:2 ?*:=

Portals:
Hell: Lair:6

Annotations:
D:11 2 runed translucent doors
Hell Geryon


Innate Abilities, Weirdness & Mutations

You have a pair of horns on your head.
You reflexively headbutt those who attack you in melee.


Message History

A moth of wrath comes into view.
As you read the scroll of blinking, it crumbles to dust.
The moth of wrath's fur bristles in rage as it notices you.
You feel much better.
You carefully extract the barbed spikes from your body.
The jumping spider leaps!
Something hits your two-headed ogre!
Your two-headed ogre dies!
Your two-headed ogre's corpse disappears in a puff of smoke!
The meliai invokes the aid of its god against you.
Something smites you!
The jumping spider pounces on you but does no damage.
The jumping spider bites you but does no damage.
The meliai mumbles some strange prayers to its god against you.
Something smites you!
* * * LOW HITPOINT WARNING * * *
The jumping spider barely misses you. You furiously retaliate!
You headbutt the jumping spider, but do no damage.
The jumping spider bites you.
* * * LOW HITPOINT WARNING * * *
The moth of wrath bites you but does no damage.
The moth of wrath goads the jumping spider on!
The jumping spider goes berserk!
The jumping spider pounces on you!
* * * LOW HITPOINT WARNING * * *
The jumping spider bites you but does no damage.
The moth of wrath bites you but does no damage.
There is a crawl-hole back to the Lair, spattered with blood here.
Unknown command.
The jumping spider closely misses you. You furiously retaliate!
You headbutt the jumping spider! The jumping spider closely misses you.
The meliai mumbles some strange prayers to its god against you.
Something smites you!
* * * LOW HITPOINT WARNING * * *
The jumping spider pounces on you but does no damage.
The jumping spider barely misses you.
The meliai invokes the aid of its god against you.
Something smites you!
* * * LOW HITPOINT WARNING * * *
The meliai mumbles some strange prayers to its god against you.
Something smites you!
You die...

#...............#
.#.....y.†#.#...######
^..#.............^...#
......#s#............#
. #..#...s.#...#.....#
........yy........##
..........s#^....##
..........ysy....#
....#....[†@.#.#.#
.^#.......#......#
...........#.....#
..#...#.#.^..#...#
.......#..#....###
...#.......^^..#
..#..#.....#...#
.#...#.##...#..#


You could see a moth of wrath, a culicivora, a jumping spider (berserk), a
tarantella, a redback and 4 meliai.

Vanquished Creatures
  Gastronok (Lair:1)
  The ghost of Sanktem7 the Warrior, a journeyman MiFi of Okawaru (Lair:6)
  A ghost moth (Spider:1)
  A dire elephant (Lair:6)
  Snorg (D:12)
  The ghost of Aricsoirch the Bludgeoner, a journeyman GrFi of Okawaru (Lair:4)
  13 hydras
  Erolcha (D:10)
  5 boulder beetles
  A catoblepas (Lair:4)
  A centaur warrior (Orc:2)
  7 two-headed ogres
  A sun demon (Lair:6)
  Nergalle (D:12)
  3 skeletal warriors (D:11)
  A steelbarb worm (Lair:3)
  An orb spider (Spider:1)
  A wizard (Lair:6)
  An orc sorcerer (Orc:1)
  2 orc knights (Orc:2)
  A wolf spider (Lair:3)
  6 ugly things
  A cyclops (D:11)
  3 black mambas
  A manticore (D:11)
  17 elephants
  A kobold demonologist (D:12)
  A smoke demon (Lair:6)
  Maurice (Orc:2)
  Joseph (D:8)
  Maggie (D:7)
  A torpor snail (Lair:3)
  16 cane toads
  An unseen horror (D:12)
  9 rime drakes
  9 komodo dragons
  A demonic crawler (Spider:1)
  An ice devil (Lair:6)
  2 red devils (Lair:6)
  A queen bee (Lair:6)
  4 meliai
  3 trolls
  5 polar bears
  5 slime creatures
  A tarantella (Lair:3)
  2 hornets
  17 blink frogs
  16 dream sheep
  A jumping spider (Spider:1)
  A spectral black mamba (Lair:4)
  32 yaks
  8 wyverns
  A spriggan (D:7)
  A water elemental (D:11)
  A culicivora (Spider:1)
  A steam dragon (D:8)
  3 vampire mosquitoes (D:12)
  4 basilisks
  8 redbacks
  Menkaure (D:7)
  A warg (Orc:2)
  14 two-headed ogre zombies (D:10)
  Edmund (D:6)
  2 acid dragons
  2 hell hounds (Lair:6)
  25 orc warriors
  16 water moccasins
  2 black bears
  A swamp drake (D:12)
  A spectral torpor snail (Lair:4)
  2 ice beasts
  A black mamba simulacrum (Lair:4)
  A necrophage (D:6)
  4 ogres
  13 centaurs
  23 wolves
  A phantom (D:4)
  2 kobold brigands
  12 bullfrogs
  A gnoll sergeant (D:11)
  2 scorpions
  4 wights (D:10)
  9 electric eels
  8 killer bees
  2 howler monkeys (D:10)
  4 hounds (D:6)
  Crazy Yiuf (D:7)
  3 centaur zombies
  4 jellies
  7 orc priests
  3 centaur skeletons
  2 gnoll shamans
  2 iguanas
  2 bullfrog skeletons (D:6)
  18 orc wizards
  7 hell rats (Lair:1)
  A killer bee zombie (D:6)
  2 ogre zombies (D:10)
  3 hound skeletons
  Robin (D:4)
  18 gnolls
  11 adders
  A shadow imp (D:6)
  A white imp (D:5)
  An ufetubus (D:6)
  An adder zombie (D:5)
  An adder skeleton (D:4)
  3 worms
  2 dart slugs (D:2)
  65 orcs
  3 ball pythons
  4 bats
  9 endoplasms
  2 giant cockroaches
  14 goblins
  11 hobgoblins
  12 jackals
  4 quokkas
  2 frilled lizards
  12 kobolds
  12 rats
634 creatures vanquished.

Vanquished Creatures (collateral kills)
  An orc knight (Orc:2)
  An orange demon (Lair:6)
  A cane toad (Lair:3)
  An ice devil (Lair:6)
  A meliai (Spider:1)
  2 redbacks
  2 hell hounds (Lair:6)
  4 orc warriors (Orc:2)
  A killer bee (Lair:6)
  2 komodo dragon simulacra (Lair:4)
  An orc (Orc:2)
17 creatures vanquished.

Vanquished Creatures (others)
  A blink frog (Lair:3)
  37 fungi
  93 plants
131 creatures vanquished.

Grand Total: 782 creatures vanquished

Notes
Turn   | Place    | Note
-------+----------+-------------------------------------------
     0 | D:1      | LustLizard the Minotaur Berserker began the quest for the
                  | Orb.
     0 | D:1      | Reached XP level 1. HP: 19/19 MP: 0/0
    30 | D:1      | Reached XP level 2. HP: 27/27 MP: 1/1
   396 | D:1      | Reached XP level 3. HP: 30/33 MP: 2/2
   920 | D:2      | Reached ** piety under Trog
  1701 | D:2      | Reached skill level 5 in Axes
  1839 | D:2      | Reached skill level 1 in Throwing
  1945 | D:2      | Reached XP level 4. HP: 41/41 MP: 3/3
  3586 | D:4      | Reached XP level 5. HP: 47/47 MP: 4/4
  3815 | D:4      | Reached *** piety under Trog
  3886 | D:4      | Found a staircase to the Ecumenical Temple.
  4031 | D:4      | Noticed Robin
  4050 | D:4      | Killed Robin
  4093 | D:4      | Noticed an orc warrior
  4210 | D:4      | Reached skill level 5 in Fighting
  4210 | D:4      | Reached XP level 6. HP: 48/56 MP: 5/5
  4984 | D:4      | Killed an orc warrior
  4985 | D:4      | Reached XP level 7. HP: 61/61 MP: 6/6
  5239 | D:5      | Entered Level 5 of the Dungeon
  5622 | D:5      | Found the +4 robe of Augmentation {Str+4 Int+4 Dex+4}
  5775 | D:5      | Found a hazy altar of Hepliaklqana.
  6054 | D:5      | Reached skill level 1 in Evocations
  6141 | D:5      | Found a glowing silver altar of Zin.
  6514 | D:6      | Reached **** piety under Trog
  6541 | D:6      | Noticed a troll
  6546 | D:6      | Killed a troll
  6547 | D:6      | Reached skill level 5 in Throwing
  6547 | D:6      | Reached XP level 8. HP: 70/70 MP: 7/7
  6823 | D:6      | Noticed Edmund
  6837 | D:6      | Killed Edmund
  7617 | D:7      | Noticed Maggie
  7630 | D:7      | Killed Maggie
  7631 | D:7      | Reached XP level 9. HP: 78/78 MP: 8/8
  7637 | D:7      | Noticed a two-headed ogre
  7705 | D:7      | Identified the +2 short sword of Crusades {vorpal, rElec
                  | rPois}
  7842 | D:7      | Found a runed translucent door.
  7843 | D:7      | Noticed Crazy Yiuf
  7849 | D:7      | Killed Crazy Yiuf
  8141 | D:7      | Killed a two-headed ogre
  8305 | D:7      | Noticed Menkaure
  8311 | D:7      | Killed Menkaure
  8312 | D:7      | Reached skill level 10 in Axes
  8312 | D:7      | Reached skill level 5 in Evocations
  9510 | D:8      | Identified the +2 robe of the Land of Plenty {Rampage
                  | *Corrode Regen+ Int+6}
  9572 | D:8      | Noticed a purple ugly thing
  9594 | D:8      | Killed a purple ugly thing
  9595 | D:8      | Reached XP level 10. HP: 81/88 MP: 9/9
  9858 | D:8      | Noticed Joseph
 10011 | D:8      | Found a staircase to the Lair.
 10036 | D:8      | Killed Joseph
 10596 | D:9      | Noticed a two-headed ogre
 10622 | D:9      | Killed a two-headed ogre
 11388 | D:10     | Entered Level 10 of the Dungeon
 11421 | D:10     | Noticed a red ugly thing
 11435 | D:10     | Killed a red ugly thing
 11724 | D:10     | Found Kuafrouck's Weapon Shoppe.
 11754 | D:10     | Noticed a two-headed ogre
 11780 | D:10     | Killed a two-headed ogre
 12561 | D:10     | Reached XP level 11. HP: 79/95 MP: 10/10
 12901 | D:10     | Noticed Erolcha
 13212 | D:10     | Killed Erolcha
 13669 | D:11     | Reached skill level 5 in Armour
 13760 | D:11     | Noticed a skeletal warrior
 13787 | D:11     | Killed a skeletal warrior
 13826 | D:11     | Noticed a skeletal warrior
 13850 | D:11     | Killed a skeletal warrior
 14174 | Lair:1   | Entered Level 1 of the Lair of Beasts
 14196 | Lair:1   | Noticed Gastronok
 14221 | Lair:1   | Killed Gastronok
 14314 | Lair:1   | Reached skill level 10 in Throwing
 14750 | Lair:1   | Noticed a five-headed hydra
 14921 | Lair:1   | Killed a five-headed hydra
 15168 | Lair:1   | Reached XP level 12. HP: 106/106 MP: 11/11
 16403 | Lair:2   | Reached skill level 10 in Fighting
 16664 | Lair:2   | Reached ***** piety under Trog
 18298 | Lair:3   | Found a staircase to the Shoals.
 18779 | Lair:3   | Noticed a five-headed hydra
 18792 | Lair:3   | Killed a five-headed hydra
 19132 | Lair:3   | Noticed an eight-headed hydra
 19198 | Lair:3   | Reached XP level 13. HP: 77/114 MP: 12/12
 19374 | Lair:3   | Found a hole to the Spider Nest.
 19408 | Lair:3   | Reached skill level 1 in Shields
 19848 | Lair:3   | Identified the +11 battleaxe of Infinity {flame, rF+ rCorr
                  | Dex-3 Stlth+} (Trog gifted it to you on level 3 of the Lair
                  | of Beasts)
 19848 | Lair:3   | Received a gift from Trog
 20077 | Lair:3   | Reached skill level 10 in Armour
 20636 | Lair:4   | Found a runed translucent gate.
 20636 | Lair:4   | Found a runed translucent gate.
 20639 | Lair:4   | Found a runed translucent gate.
 20642 | Lair:4   | Noticed Aricsoirch's ghost (journeyman GrFi)
 20704 | Lair:4   | Reached skill level 15 in Axes
 22142 | D:11     | Found a large runed translucent door.
 22142 | D:11     | Found a large runed translucent door.
 22157 | D:11     | Found a large runed translucent door.
 22157 | D:11     | Found a large runed translucent door.
 23139 | D:11     | Reached XP level 14. HP: 120/129 MP: 13/13
 23521 | D:12     | Noticed Snorg
 23533 | D:12     | Killed Snorg
 23541 | D:12     | Noticed Nergalle
 23554 | D:12     | Killed Nergalle
 24377 | D:12     | Found a staircase to the Orcish Mines.
 24444 | Orc:1    | Entered Level 1 of the Orcish Mines
 24456 | Orc:1    | Received a gift from Trog
 24972 | Orc:2    | Entered Level 2 of the Orcish Mines
 25631 | Orc:2    | Noticed Maurice
 25637 | Orc:2    | Killed Maurice
 25774 | Orc:2    | Reached skill level 15 in Fighting
 26019 | Orc:2    | Received a gift from Trog
 26204 | Orc:2    | Found a staircase to the Elven Halls.
 26430 | Orc:2    | Found Geses's Book Shop.
 26430 | Orc:2    | Found Kaifueg's Assorted Antiques.
 26432 | Orc:2    | Found Fifuc's Magic Scroll Shoppe.
 26434 | Orc:2    | Found Nupt's Jewellery Boutique.
 26602 | Orc:2    | Bought a scroll of identify for 26 gold pieces
 26605 | Orc:2    | Bought a scroll of identify for 68 gold pieces
 26609 | Orc:2    | Bought the ring of Ustion {rElec rPois rN+ Str-4} for 506
                  | gold pieces
 26614 | Orc:2    | Bought a potion of curing for 102 gold pieces
 26614 | Orc:2    | Bought a scroll of blinking for 255 gold pieces
 26614 | Orc:2    | Bought a golden potion for 30 gold pieces
 26929 | Lair:4   | Killed Aricsoirch's ghost
 27189 | Lair:5   | Found a viscous altar of Jiyva.
 27189 | Lair:5   | Found a staircase to the Slime Pits.
 27987 | Lair:6   | Entered Level 6 of the Lair of Beasts
 28713 | Lair:6   | Found a transporter.
 28736 | Lair:6   | Reached skill level 10 in Evocations
 28817 | Lair:6   | Reached XP level 15. HP: 140/147 MP: 14/14
 29345 | Lair:6   | Found a burning altar of Makhleb.
 29546 | Lair:6   | Found a gateway to Hell.
 29556 | Hell     | Entered the Vestibule of Hell
 29556 | Hell     | Noticed Geryon
 29694 | Lair:6   | Found a transporter.
 29726 | Lair:6   | Noticed Sanktem7's ghost (journeyman MiFi)
 29858 | Lair:6   | Killed Sanktem7's ghost
 30100 | Lair:6   | Identified the amulet of the Omega Point {rPois rN+ Regen+
                  | Int-2}
 30198 | Spider:1 | Entered Level 1 of the Spider Nest
 30517 | Spider:1 | HP: 2/149 [meliai/divine providence (11)]
 30517 | Spider:1 | Killed from afar by a meliai

Illustrated notes

Levels and vault maps discovered:
D:1:      dpeg_arrival_boxorama, layout_basic
D:2:      layout_loops_corners
D:3:      layout_loops_ring
D:4:      layout_rooms, minmay_temple_entry_ruins, guppyfry_early_orc_mine,
          uniq_robin
D:5:      layout_basic, nicolae_overflow_hidden_temple, patterned_corridor
D:6:      layout_loops_ring, minmay_misc_feat_doors, grunt_ministairs_1,
          kennysheep_generic_room_14, uniq_edmund
D:7:      layout_loops_ring, the_hattery, uniq_crazy_yiuf_cottage,
          uniq_menkaure, uniq_maggie
D:8:      layout_loops_corners, dpeg_oklobed_lair, grunt_decor_junction,
          uniq_joseph
D:9:      layout_cave_pools, serial_column_ruins, column_ruins_square_medium,
          column_ruins_hut, column_ruins_columns_T, column_ruins_open_small,
          column_ruins_grid_1
D:10:     lemuel_ogre_cave, layout_irregular_city, serial_shops, shop
D:11:     layout_basic, minmay_hollow_rounded_squares
D:12:     layout_cave_pools, erik_orc_1, uniq_snorg, uniq_nergalle
Lair:1:   layout_cellular_growth, serial_bayou_shore_b, wad_woods_river_01,
          uniq_gastronok
Lair:2:   layout_roguey, cheibrodos_lair_lostbears, grunt_megastairs_2
Lair:3:   layout_misc_corridors, minmay_shoals_entry_centaurs,
          spider_nest_entry_webs, minmay_shattered_shrine, serial_bayou_shore_a
Lair:4:   layout_cave_pods, gammafunk_ghost_necromancy
Lair:5:   layout_hall_layers, dpeg_slime_entry_enclosed_altar,
          serial_bayou_lake_a
Lair:6:   evil_forest, layout_regular_city, gammafunk_ghost_hive,
          kennysheep_basilisk_garden
Spider:1: layout_spider_delve
Orc:1:    layout_caves
Orc:2:    st_orc_rangers, layout_diamond_mine, nicolae_orc_lost_temple,
          uniq_maurice
Hell

Skill      XL: |  1  2  3  4  5  6  7  8  9 10 11 12 13 14 15 |
---------------+----------------------------------------------+-----
Axes           | 4 5 6 7 8 9 10 11 13 14 16 18 | 18.9
Fighting       | 4 5 6 7 8 9 10 13 17 18 | 18.1
Throwing       | 1 2 3 4 5 6 7 9 10 11 12 | 12.5
Evocations     | 2 4 5 7 8 9 10 | 10.3
Armour         | 3 6 9 10 11 | 11.1
Shields        | 2 |  2.6
Dodging        | 3 4 |  4.6

Action                   |  1- 3 |  4- 6 |  7- 9 | 10-12 | 13-15 || total
-------------------------+-------+-------+-------+-------+-------++-------
Melee: Hand axe          |   108 |    15 |       |       |       ||   123
       Headbutt          |    15 |    26 |    34 |    80 |   116 ||   271
       Punch             |     3 |     1 |     6 |     6 |     1 ||    17
       Whip              |       |   148 |   195 |    18 |     3 ||   364
       War axe           |       |       |    46 |   431 |    63 ||   540
       Battleaxe         |       |       |       |       |   520 ||   520
Throw: Stone             |    12 |    26 |    19 |   240 |   207 ||   504
       Dart              |     1 |     5 |    14 |    31 |    42 ||    93
Invok: Berserk           |       |     1 |     6 |    11 |     9 ||    27
       Trog's Hand       |       |       |     1 |     1 |     2 ||     4
       Brothers in Arms  |       |       |       |     1 |     6 ||     7
  Use: Scroll            |       |       |     6 |    10 |    16 ||    32
       Potion            |       |       |       |       |     3 ||     3
 Stab: Sleeping          |       |       |     1 |       |     1 ||     2
       Distracted        |       |       |       |       |     1 ||     1
Armor: Animal skin       |     7 |       |       |       |       ||     7
       Leather armour    |     8 |       |       |       |       ||     8
       Robe              |       |    10 |    73 |       |       ||    83
       Chain mail        |       |    39 |    10 |       |       ||    49
       Swamp dragon scal |       |       |     5 |   170 |   143 ||   318
       Plate armour      |       |       |       |       |   155 ||   155
Dodge: Dodged            |    62 |    66 |   114 |   207 |   426 ||   875
